 Dungeon Crawl Stone Soup version 0.19.5 (webtiles) character file.

222950 Peloso the Peltast (level 18, 0/171 HPs)
             Began as a Minotaur Fighter on Mar 20, 2017.
             Was the Champion of Okawaru.
             Killed by the raging water
             ... invoked by a water nymph
              (8 damage)
             ... on level 3 of the Shoals on Mar 21, 2017.
             The game lasted 02:27:33 (46151 turns).

Peloso the Peltast (Minotaur Fighter)              Turns: 46151, Time: 02:27:34

Health: 0/171      AC: 25    Str: 25    XL:     18   Next: 54%
Magic:  18/18      EV: 12    Int:  5    God:    Okawaru [******]
Gold:   2432       SH: 20    Dex: 23    Spells: 0 memorised, 17 levels left

rFire  + + .     SeeInvis +     x - +6 double sword "Iggodgh" {slice, rF+}
rCold  . . .     Gourm    .     X - +4 plate armour {rF+}
rNeg   . . .     Faith    .     c - +0 shield
rPois  +         Spirit   .     Z - +0 hat {MR+}
rElec  .         Reflect  +     T - -4 cloak of the Tuna {Dex+6 SInv} (curse)
rCorr  .         Harm     .     M - +0 pair of gloves {Dex+3}
MR     ++...                    h - +0 pair of boots
Stlth  ..........               N - +3 amulet of reflection
                                G - +2 ring of protection
                                P - ring of poison resistance

@: no status effects
A: retaliatory headbutt, horns 2
a: Heroism, Finesse, Renounce Religion
}: 1/15 runes: serpentine


You were on level 3 of the Shoals.
You worshipped Okawaru.
Okawaru was exalted by your worship.
You were near starving.

You visited 6 branches of the dungeon, and saw 31 of its levels.
You also visited: Sewer.

You collected 2915 gold pieces.
You spent 483 gold pieces at shops.

Inventory:

Hand Weapons
 x - the +6 double sword "Iggodgh" (weapon) {slice, rF+}
   (Okawaru gifted it to you on level 2 of the Lair of Beasts)

   It inflicts extra damage upon your enemies.
   It protects you from fire.
 F - the +8 scimitar of War {drain, rPois Str+2 Dex+7}
   (Okawaru gifted it to you on level 11 of the Dungeon)

   A truly terrible weapon, it drains the life of those it strikes.
   It affects your strength (+2).
   It affects your dexterity (+7).
   It protects you from poison.
 Q - a +0 scimitar of flaming
Armour
 c - a +0 shield (worn)
 h - a +0 pair of boots (worn)
 M - a +0 pair of gloves of dexterity (worn)
 T - the cursed -4 cloak of the Tuna (worn) {Dex+6 SInv}
   (You bought it in a shop on level 2 of the Orcish Mines)

   It affects your dexterity (+6).
   It lets you see invisible.
   It has a curse placed upon it.
 X - a +4 plate armour of fire resistance (worn)
 Z - a +0 hat of magic resistance (worn)
Jewellery
 g - an uncursed ring of protection from magic
 o - an uncursed ring of protection from cold
 G - a +2 ring of protection (right hand)
 I - an uncursed ring of resist corrosion
 N - a +3 amulet of reflection (around neck)
 P - a ring of poison resistance (left hand)
Wands
 m - a wand of teleportation (4/9)
 y - a wand of teleportation (3/9)
 J - a wand of disintegration (11/24)
 W - a wand of heal wounds (7/9)
 Y - a wand of hasting (6/9)
Scrolls
 e - 6 scrolls of teleportation
 i - 6 scrolls of identify
 j - 8 scrolls of recharging
 l - 6 scrolls of magic mapping
 B - a scroll of blinking
 H - a scroll of summoning
 K - 9 scrolls of remove curse
 L - 6 scrolls of fear
Potions
 a - a potion of magic
 b - 2 potions of heal wounds
 d - 5 potions of might
 t - 7 potions of flight
 w - 7 potions of resistance
 z - 5 potions of haste
 A - 5 potions of agility
 U - 6 potions of curing
Comestibles
 f - 12 bread rations
 k - 4 chunks of flesh
 p - 15 beef jerkies
 s - 9 meat rations
 v - a slice of pizza
 C - 37 fruits


   Skills:
 + Level 17.8 Fighting
   Level 3.1(12.8) Short Blades
 + Level 19.8(19.9) Long Blades
 + Level 18.0 Armour
 + Level 5.0 Dodging
 + Level 2.4 Stealth
 + Level 20.7 Shields
 + Level 1.6 Invocations
 + Level 1.0 Evocations


You had 17 spell levels left.
You didn't know any spells.

Dungeon Overview and Level Annotations

Branches:
Dungeon (15/15)            Temple (1/1) D:6            Lair (6/6) D:11
 Shoals (3/4) Lair:4        Snake (4/4) Lair:2        Slime (0/5) Lair:5
    Orc (2/2) D:9             Elf (0/3) Orc:2        Vaults (0/5) D:14
 Depths (0/5) D:15

Altars:
Ashenzari
Cheibriados
Dithmenos
Elyvilon
Fedhas
Gozag
Hepliaklqana
Kikubaaqudgha
Makhleb
Nemelex Xobeh
Okawaru
Qazlal
Ru
Sif Muna
Trog
Uskayaw
Vehumet
Xom
Yredelemnul
Zin
The Shining One
Beogh

Shops:
D:9 :(%(=   D:15 }!(   Orc:2 =[*   Shoals:2 ?:%   Snake:2 =**(   Snake:4 =(

Annotations:
Lair:5 exclusion: oklob plant


Innate Abilities, Weirdness & Mutations

You reflexively headbutt those who attack you in melee.
You have a pair of horns on your head.


Message History

You block the merfolk's attack.
You cannot read scrolls while unable to breathe!
Unknown command.
Okay, then.
Evoke which item? (* to show all) (? for menu, Esc to quit)
Zapping:
W - a wand of heal wounds (8/9)
Press: ? - help, Shift-Dir - straight line, f - you You feel much better.
This wand has 7 charges left.
* * * LOW HITPOINT WARNING * * *
Your lungs strain for air!
The water nymph gestures at you while chanting.
The water swirls and strikes you!
* * * LOW HITPOINT WARNING * * *
The water elemental barely misses you.
The merfolk impaler hits you but does no damage.
With effort, you pull free of the water engulfing you.
You gasp with relief as air once again reaches your lungs.
The water nymph gestures at you while chanting.
The water swirls and strikes you!
You die...

#....>.≈≈≈≈≈.≈≈≈≈
#.(≈≈≈≈≈..≈≈≈
##(≈≈≈≈≈..≈≈≈
#%≈≈≈≈..$.≈. #...≈≈.≈....
. ###.cm.≈≈... ..#
#####mEm.#..
....##..##)####
#......@m# ##.....≈≈#
#.....≈.# ###.....####
#......≈.# ≈. ####...≈.##
##### ≈.###
##.≈≈..####...## ≈≈...##
#>≈≈≈≈≈.......#
≈≈≈≈...####.≈≈≈≈≈......##


You could see a merfolk impaler, a merfolk, a water elemental, 2 water nymphs
and a centaur.

Vanquished Creatures
  Saint Roka (Snake:2)
  Vashnia (Snake:2)
  Rupert (Lair:3)
  8 nagarajas
  2 orc warlords
  Aizul (Shoals:1)
  2 entropy weavers
  Nessos (Orc:1)
  2 stone giants
  5 dire elephants
  An ettin (Orc:2)
  Josephine (D:11)
  Erolcha (D:12)
  A rakshasa (D:15)
  11 hydras
  Fannar (Lair:3)
  17 naga warriors
  13 anacondas
  2 catoblepae
  2 merfolk aquamancers
  4 centaur warriors (D:14)
  2 death knights
  A queen ant (Lair:6)
  20 naga sharpshooters
  2 orc high priests
  15 shock serpents
  A deep elf knight (D:14)
  Sonja (Orc:2)
  3 salamander mystics (Snake:4)
  Urug (Lair:3)
  2 skeletal warriors (D:13)
  5 sea snakes
  A phantasmal warrior (D:13)
  6 orc knights
  7 naga ritualists
  4 unseen horrors
  A deep elf archer (D:15)
  7 hill giants
  A wizard (D:11)
  5 orc sorcerers
  A wolf spider (D:15)
  8 mana vipers
  12 harpies
  6 ugly things
  5 fauns
  7 manticores
  6 deep elf magi
  14 salamanders
  13 elephants (Lair:6)
  5 cyclopes
  An elephant (shapeshifter) (D:15)
  39 black mambas
  Maurice (D:9)
  2 sirens
  4 guardian serpents
  The ghost of Schimscham the Zephyrmancer, a novice TeAE (Sewer)
  Joseph (D:7)
  37 naga magi
  3 spiny frogs
  A kobold demonologist (D:14)
  5 komodo dragons
  6 rime drakes
  An efreet (D:13)
  A freezing wraith (D:13)
  A redback zombie (D:14)
  2 tengu conjurers
  13 trolls
  3 wind drakes
  3 meliai (D:15)
  A polar bear (shapeshifter) (D:14)
  3 polar bears
  2 two-headed ogres
  15 blink frogs
  9 merfolk
  4 slime creatures (D:14)
  20 hippogriffs
  A meliai zombie (D:13)
  11 dream sheep
  5 snapping turtles
  The ghost of Sanvar the Gusty, an amateur TeAE of Sif Muna (D:4)
  A shadow (D:15)
  10 water elementals
  Sigmund (D:2)
  11 wraiths
  14 wyverns
  51 yaks
  8 basilisks
  2 steam dragons
  2 hungry ghosts (D:15)
  3 vampire mosquitoes (D:15)
  3 mottled dragons
  49 nagas
  5 wargs
  24 soldier ants
  10 water moccasins
  7 porcupines
  44 orc warriors
  4 ice beasts
  3 black bears
  An eye of draining (D:10)
  4 phantoms
  3 sky beasts
  A necrophage (D:11)
  16 ogres
  A boggart (D:14)
  13 wolves
  21 centaurs
  7 crocodiles
  5 big kobolds
  A gnoll sergeant (D:7)
  Blork the orc (Orc:2)
  12 bullfrogs
  A wyvern zombie (D:10)
  6 scorpions
  A water moccasin skeleton (D:12)
  3 killer bees (D:9)
  10 electric eels
  11 wights
  3 bullfrog zombies
  4 crimson imps
  5 centaur skeletons
  A quasit (D:8)
  5 bullfrog skeletons
  22 orc priests
  9 hounds
  5 jellies
  6 iguanas
  31 orc wizards
  29 worker ants
  2 howler monkey zombies (D:8)
  2 worker ant zombies (D:6)
  6 gnolls (D:7)
  18 adders
  2 shadow imps
  5 oozes
  2 adder zombies
  An adder skeleton (D:4)
  4 worms
  6 leopard geckos
  110 orcs
  2 ball pythons (Sewer)
  4 giant cockroaches
  8 goblins
  10 hobgoblins
  17 jackals
  3 quokkas
  14 bats
  8 frilled lizards
  A jackal skeleton (D:7)
  21 kobolds
  A leopard gecko skeleton (D:4)
  14 rats
  3 bushes (D:14)
  A butterfly (Lair:5)
  3 plants
1195 creatures vanquished.

Vanquished Creatures (others)
  A naga sharpshooter (Snake:4)
  A naga (Snake:4)
  An orc (Snake:3)
  7 fungi
  43 plants
53 creatures vanquished.

Grand Total: 1248 creatures vanquished

Notes
Turn   | Place    | Note
-------+----------+-------------------------------------------
     0 | D:1      | Peloso the Minotaur Fighter began the quest for the Orb.
     0 | D:1      | Reached XP level 1. HP: 19/19 MP: 0/0
   166 | D:1      | Reached XP level 2. HP: 26/27 MP: 1/1
   235 | D:1      | Reached skill level 4 in Shields
   363 | D:1      | Reached XP level 3. HP: 32/33 MP: 2/2
   769 | D:2      | Noticed Sigmund
  1052 | D:2      | Killed Sigmund
  1052 | D:2      | Reached XP level 4. HP: 22/41 MP: 3/3
  1052 | D:2      | Reached XP level 5. HP: 25/47 MP: 4/4
  1326 | D:2      | Reached skill level 5 in Shields
  1540 | D:3      | Found a faded altar of an unknown god.
  1710 | D:3      | Found a glowing drain.
  1747 | Sewer    | Entered a sewer
  1887 | Sewer    | Noticed Schimscham's ghost (novice TeAE)
  1907 | Sewer    | Killed Schimscham's ghost
  1907 | Sewer    | Reached skill level 5 in Fighting
  1907 | Sewer    | Reached skill level 5 in Long Blades
  1907 | Sewer    | Reached skill level 5 in Armour
  1907 | Sewer    | Reached skill level 1 in Dodging
  1907 | Sewer    | Reached XP level 6. HP: 33/56 MP: 5/5
  2167 | Sewer    | Reached XP level 7. HP: 61/61 MP: 6/6
  2993 | D:4      | Noticed Sanvar's ghost (amateur TeAE)
  3008 | D:4      | Killed Sanvar's ghost
  3008 | D:4      | Reached skill level 6 in Shields
  3992 | D:4      | Reached skill level 7 in Shields
  4037 | D:5      | Entered Level 5 of the Dungeon
  4050 | D:5      | Reached XP level 8. HP: 45/70 MP: 7/7
  4651 | D:5      | Noticed a moth of wrath
  4654 | D:5      | Found a bloodstained altar of Trog.
  4872 | D:6      | Reached skill level 1 in Stealth
  4887 | D:6      | Reached skill level 8 in Shields
  5450 | D:6      | Reached XP level 9. HP: 8/78 MP: 8/8
  5950 | D:6      | Found a staircase to the Ecumenical Temple.
  5996 | Temple   | Entered the Ecumenical Temple
  6056 | Temple   | Became a worshipper of Warmaster Okawaru
  6441 | D:7      | Noticed Joseph
  6455 | D:7      | Killed Joseph
  6555 | D:7      | Reached * piety under Okawaru
  7071 | D:8      | Reached skill level 9 in Shields
  7288 | D:8      | Reached skill level 10 in Long Blades
  7596 | D:8      | Reached ** piety under Okawaru
  7626 | D:9      | Reached XP level 10. HP: 75/88 MP: 9/9
  7790 | D:9      | Found a staircase to the Orcish Mines.
  7900 | D:9      | Found Xoppajyr's Weapon Shop.
  7955 | D:9      | Killed an unseen horror
  8295 | D:9      | Found Usiown's Book Shoppe.
  8337 | D:9      | Found Gamanir's Weapon Shoppe.
  8626 | D:9      | Found Hymmie Iqow's Food Boutique.
  8627 | D:9      | Noticed Maurice
  8642 | D:9      | Killed Maurice
  8647 | D:9      | Found Numeiff's Jewellery Emporium.
  8840 | D:10     | Entered Level 10 of the Dungeon
  8902 | D:10     | Reached *** piety under Okawaru
  8913 | D:9      | Reached skill level 10 in Shields
  9090 | D:9      | Reached skill level 10 in Armour
  9426 | D:10     | Noticed a hill giant
  9453 | D:10     | Killed a hill giant
  9453 | D:10     | Reached **** piety under Okawaru
  9727 | D:10     | Reached XP level 11. HP: 87/95 MP: 0/10
 10320 | D:10     | Received a gift from Okawaru
 10787 | D:11     | Noticed a hill giant
 10810 | D:11     | Killed a hill giant
 10816 | D:11     | Reached ***** piety under Okawaru
 10816 | D:11     | Reached skill level 11 in Shields
 10931 | D:11     | Noticed Josephine
 10948 | D:11     | Killed Josephine
 11480 | D:11     | Noticed a hill giant
 11491 | D:11     | Killed a hill giant
 11656 | D:11     | Received a gift from Okawaru
 11659 | D:11     | Got a smoking scimitar {god gift}
 11660 | D:11     | Identified the +8 scimitar of War {drain, rPois Str+2 Dex+7} (Okawaru gifted it to you on level 11 of the Dungeon)
 11675 | D:11     | Reached skill level 10 in Fighting
 12016 | D:11     | Noticed a wizard
 12022 | D:11     | Killed a wizard
 12339 | D:11     | Found a staircase to the Lair.
 12539 | Lair:1   | Entered Level 1 of the Lair of Beasts
 12729 | Lair:1   | Reached XP level 12. HP: 98/105 MP: 11/11
 13293 | Lair:2   | Noticed a seven-headed hydra
 13307 | Lair:2   | Killed a seven-headed hydra
 13552 | Lair:2   | Noticed a four-headed hydra
 13585 | Lair:2   | Killed a four-headed hydra
 13849 | Lair:2   | Reached skill level 1 in Short Blades
 13849 | Lair:2   | Reached skill level 12 in Shields
 13943 | Lair:2   | Received a gift from Okawaru
 13946 | Lair:2   | Got a dazzling double sword {god gift}
 13947 | Lair:2   | Identified the +6 double sword "Iggodgh" {slice, rF+} (Okawaru gifted it to you on level 2 of the Lair of Beasts)
 14148 | Lair:2   | Found a staircase to the Snake Pit.
 14361 | Lair:3   | Noticed Rupert
 14373 | Lair:3   | Killed Rupert
 14662 | Lair:3   | Noticed Urug
 14662 | Lair:3   | Reached ****** piety under Okawaru
 14670 | Lair:3   | Killed Urug
 14670 | Lair:3   | Received a gift from Okawaru
 14674 | Lair:3   | Got a translucent mace {god gift}
 14675 | Lair:3   | Identified the +1 mace of the Valley {crush, rN+ Dex+2} (Okawaru gifted it to you on level 3 of the Lair of Beasts)
 14737 | Lair:3   | Noticed Fannar
 14747 | Lair:3   | Killed Fannar
 14885 | Lair:3   | Found a glowing golden altar of the Shining One.
 15037 | Lair:3   | Noticed an eight-headed hydra
 15051 | Lair:4   | Reached XP level 13. HP: 98/115 MP: 12/12
 15101 | Lair:4   | Found a staircase to the Shoals.
 15188 | Lair:4   | Reached skill level 15 in Long Blades
 16177 | Lair:5   | Received a gift from Okawaru
 16177 | Lair:5   | Reached skill level 13 in Shields
 16318 | Lair:5   | Received a gift from Okawaru
 16433 | Lair:5   | Found a sparkling altar of Nemelex Xobeh.
 16433 | Lair:5   | Found a staircase to the Slime Pits.
 16434 | Lair:5   | Got a slimy morningstar
 16436 | Lair:5   | Identified the +8 morningstar of Watchfulness {protect, +Fly rF+ Dex+2} (You found it on level 5 of the Lair of Beasts)
 16911 | Lair:5   | Reached skill level 1 in Invocations
 17096 | Lair:6   | Entered Level 6 of the Lair of Beasts
 17436 | Lair:6   | Noticed an entropy weaver
 17454 | Lair:6   | Noticed an entropy weaver
 17951 | Lair:5   | Killed an entropy weaver
 18379 | Lair:6   | Killed an entropy weaver
 18379 | Lair:6   | Reached XP level 14. HP: 99/126 MP: 7/13
 18606 | Lair:6   | Reached skill level 14 in Shields
 19027 | Lair:6   | Received a gift from Okawaru
 19300 | Lair:6   | Received a gift from Okawaru
 19303 | Lair:6   | Got a warped hat {god gift}
 19309 | Lair:6   | Identified the +1 hat of Ethics {rC+ rN+ Stlth+} (Okawaru gifted it to you on level 6 of the Lair of Beasts)
 19816 | Lair:6   | Got a pair of ancient gloves
 19827 | Lair:6   | Identified the +0 pair of gloves of Lies {+Fly SInv} (You found it on level 6 of the Lair of Beasts)
 21061 | Orc:1    | Entered Level 1 of the Orcish Mines
 21061 | Orc:1    | Noticed an orc warlord
 21099 | D:9      | Reached skill level 15 in Shields
 21330 | Orc:1    | Noticed a stone giant
 21331 | Orc:1    | Killed an orc warlord
 21331 | Orc:1    | Reached skill level 1 in Evocations
 21342 | Orc:1    | Killed a stone giant
 21631 | Orc:2    | Entered Level 2 of the Orcish Mines
 21631 | Orc:2    | Noticed Nessos
 21951 | Orc:1    | Killed Nessos
 21979 | Orc:2    | Found a staircase to the Elven Halls.
 22116 | Orc:2    | Noticed Sonja
 22133 | Orc:2    | Killed Sonja
 22821 | Orc:2    | Received a gift from Okawaru
 22832 | Orc:2    | Got a jewelled scale mail {god gift}
 23493 | Orc:2    | Noticed a stone giant
 23499 | Orc:2    | Killed a stone giant
 23499 | Orc:2    | Reached XP level 15. HP: 129/137 MP: 12/14
 23512 | Orc:2    | Noticed an orc warlord
 23540 | Orc:2    | Killed an orc warlord
 23778 | Orc:2    | Reached skill level 15 in Armour
 24220 | Orc:2    | Noticed Blork the orc
 24224 | Orc:2    | Killed Blork the orc
 24225 | Orc:2    | Found a roughly hewn altar of Beogh.
 24562 | Orc:2    | Found Ekojukk's Antique Armour Shoppe.
 24587 | Orc:2    | Bought a jewelled cloak for 304 gold pieces
 24593 | Orc:2    | Identified the cursed -4 cloak of the Tuna {Dex+6 SInv} (You bought it in a shop on level 2 of the Orcish Mines)
 24600 | Orc:2    | Found Lizeorpho's General Store.
 24681 | Orc:2    | Found Sirujikk's Jewellery Shoppe.
 24702 | Orc:2    | Found Dasapnum's Antique Weapon Shoppe.
 25275 | Lair:1   | Identified the +1 scale mail "Kaehieng" {rPois} (Okawaru gifted it to you on level 2 of the Orcish Mines)
 25382 | D:12     | Noticed Erolcha
 25391 | D:12     | Killed Erolcha
 25610 | D:12     | Found a shimmering altar of Xom.
 25650 | D:12     | Reached skill level 16 in Shields
 26745 | D:13     | Received a gift from Okawaru
 28175 | D:14     | Received a gift from Okawaru
 28550 | D:14     | Received a gift from Okawaru
 28555 | D:14     | Reached skill level 15 in Fighting
 28557 | D:14     | Found a gate to the Vaults.
 28575 | D:14     | Got an ancient hat {god gift}
 28586 | D:14     | Identified the +0 hat of Okawaru's Generosity {Dex+4} (Okawaru gifted it to you on level 14 of the Dungeon)
 29196 | D:15     | Entered Level 15 of the Dungeon
 29199 | D:15     | Found Zapamo's Gadget Shoppe.
 29263 | D:15     | Found Kiojysuf's Distillery.
 29272 | D:15     | Bought a potion of heal wounds for 65 gold pieces
 29272 | D:15     | Bought 2 potions of curing for 78 gold pieces
 29627 | D:15     | Found a staircase to the Depths.
 29636 | D:15     | Reached skill level 17 in Shields
 29636 | D:15     | Reached XP level 16. HP: 126/148 MP: 15/15
 30301 | D:15     | Found Ether's Antique Weapon Shop.
 30710 | Snake:1  | Entered Level 1 of the Snake Pit
 33464 | Snake:1  | Received a gift from Okawaru
 33701 | Snake:2  | Found Aduenkei's Antique Weapon Shoppe.
 34436 | Snake:2  | Found Vog Zeko's General Store.
 34451 | Snake:2  | Found Teygaf's Jewellery Shoppe.
 34624 | Snake:2  | Found Yvvaruj's General Store.
 35109 | Snake:2  | Noticed Vashnia
 35147 | Snake:2  | Killed Vashnia
 35147 | Snake:2  | Received a gift from Okawaru
 35441 | Shoals:1 | Entered Level 1 of the Shoals
 35537 | Shoals:1 | Noticed Aizul
 35563 | Shoals:1 | Killed Aizul
 35563 | Shoals:1 | Reached skill level 18 in Shields
 36322 | Shoals:2 | Found Nuadulu's Book Shoppe.
 36439 | Shoals:2 | Received a gift from Okawaru
 36597 | Shoals:2 | Reached XP level 17. HP: 87/159 MP: 17/17
 36892 | Shoals:2 | Found Xasanoklis's Food Shoppe.
 37185 | Shoals:2 | Found Purohuvu's Magic Scroll Shoppe.
 37193 | Shoals:2 | Bought a scroll of identify for 36 gold pieces
 37488 | Snake:3  | Noticed Saint Roka
 37514 | Snake:3  | HP: 2/159 [shock serpent (14)]
 38116 | Snake:2  | Killed Saint Roka
 40413 | Snake:3  | Received a gift from Okawaru
 40626 | Snake:3  | Reached skill level 19 in Shields
 40903 | Snake:4  | Entered Level 4 of the Snake Pit
 41677 | Snake:4  | Found Omeph's Weapon Shoppe.
 41710 | Snake:4  | Found Isaegen's Jewellery Emporium.
 42326 | Snake:4  | Reached skill level 5 in Dodging
 42906 | Snake:4  | Received a gift from Okawaru
 43069 | Snake:4  | Reached XP level 18. HP: 165/170 MP: 18/18
 43303 | Snake:4  | Reached skill level 20 in Shields
 45055 | Snake:4  | Got a serpentine rune of Zot
 46142 | Shoals:3 | Received a gift from Okawaru
 46150 | Shoals:3 | HP: 7/171 [water nymph/the raging water (44)]
 46151 | Shoals:3 | Killed from afar by a water nymph

Skill      XL: |  1  2  3  4  5  6  7  8  9 10 11 12 13 14 15 16 17 18 |
---------------+-------------------------------------------------------+-----
Fighting       | 4 5 6 7 8 10 11 12 14 15 16 17 | 17.8
Shields        | 4 5 7 8 9 10 11 12 13 15 17 18 19 20 | 20.7
Long Blades    | 4 5 6 8 10 11 13 14 16 17 18 19 | 19.8
Armour         | 4 5 6 7 8 10 11 13 14 15 16 17 18 | 18.0
Dodging        | 1 2 3 4 5 |  5.0
Stealth        | 1 2 |  2.4
Short Blades   | 1 3 |  3.1
Invocations    | 1 |  1.6
Evocations     | 1 |  1.0

Action                   |  1- 3 |  4- 6 |  7- 9 | 10-12 | 13-15 | 16-18 || total
-------------------------+-------+-------+-------+-------+-------+-------++-------
Melee: Long sword        |    97 |    83 |   304 |       |       |       ||   484
       Headbutt          |    13 |    15 |   106 |   128 |   412 |   426 ||  1100
       Scimitar          |       |       |   125 |   507 |    17 |     5 ||   654
       Double sword      |       |       |       |    64 |  1400 |  1295 ||  2759
       Dagger            |       |       |       |    27 |    59 |       ||    86
       Eudemon blade     |       |       |       |       |     4 |       ||     4
Invok: Heroism           |       |       |       |     3 |     7 |     4 ||    14
Evoke: Wand              |       |       |     3 |       |     5 |     2 ||    10
  Use: Scroll            |     4 |       |     8 |    16 |    11 |     9 ||    48
       Potion            |       |       |       |       |       |     4 ||     4
 Stab: Distracted        |       |       |     1 |       |       |       ||     1
  Eat: Chunk             |       |     4 |    16 |    25 |    62 |    45 ||   152
       Fruit             |       |       |     1 |       |       |       ||     1
       Pizza             |       |       |       |       |     2 |     4 ||     6
       Royal jelly       |       |       |       |       |       |     2 ||     2
Armor: Scale mail        |    36 |       |       |       |       |       ||    36
       Chain mail        |    28 |    62 |    33 |       |       |       ||   123
       Plate armour      |       |       |   184 |   279 |   688 |   411 ||  1562
Dodge: Dodged            |    30 |    29 |   104 |   138 |   441 |   354 ||  1096
Block: Shield            |    50 |    64 |   241 |   360 |  1122 |  1198 ||  3035
       Reflection        |       |       |       |       |       |   127 ||   127
       Rpst.: Long sword |    10 |     8 |    19 |       |       |       ||    37
       Scimitar          |       |       |    10 |    24 |     1 |       ||    35
       Double sword      |       |       |       |     6 |    87 |    56 ||   149
